 Dungeon Crawl Stone Soup version 0.30-a0-1161-g0704695555 (webtiles) character file.

Game seed: 6637708585571124623

700 qeuew the Chopper (level 7, -17/61 HPs)
             Began as a Hill Orc Fighter on Apr 27, 2023.
             Was an Initiate of Beogh.
             Demolished by Crazy Yiuf
             ... wielding a +4 quarterstaff of chaos
              (20 damage)
             ... on level 4 of the Dungeon.
             The game lasted 00:04:41 (4153 turns).

qeuew the Chopper (Hill Orc Fighter)                Turns: 4153, Time: 00:04:41

Health: -17/61     AC:  7    Str: 21    XL:     7   Next: 65%
Magic:  0/7        EV: 10    Int:  8    God:    Beogh [......]
Gold:   232        SH:  4    Dex: 10    Spells: 6/6 levels left

rFire   . . .        a - +0 war axe
rCold   . . .        c - +0 buckler
rNeg    . . .        b - +0 scale mail
rPois   .            (no helmet)
rElec   .            (no cloak)
rCorr   .            (no gloves)
SInv    .            (no boots)
Will    .....        (no amulet) Stlth
                     (no ring)
HPRegen 0.30/turn    (no ring)
MPRegen 0.10/turn

%: no passive effects
@: no status effects
A: no striking features
a: Renounce Religion


You were on level 4 of the Dungeon.
You worshipped Beogh.
Beogh was noncommittal.
You visited 1 branch of the dungeon, and saw 4 of its levels.
You also visited: Sewer.

You collected 232 gold pieces.

Inventory:

Hand Weapons
 a - a +0 war axe (weapon)
Armour
 b - a +0 scale mail (worn)
 c - a +0 buckler (worn)
Jewellery
 h - a ring of protection from fire
Scrolls
 f - a scroll of fear
 g - a scroll of enchant armour {unknown}
 i - a scroll of vulnerability {unknown}
 l - 3 scrolls of fog
 p - a scroll of identify
Potions
 d - a potion of might
 e - a potion of haste
 j - a potion of curing
 k - 2 potions of berserk rage {unknown}
 m - a potion of cancellation
 n - a potion of invisibility
 o - a potion of flight {unknown}


   Skills:
 + Level 5.0 Fighting
 * Level 6.3 Axes
 * Level 5.7 Armour
 + Level 2.2 Dodging
 + Level 4.6 Shields
 * Level 0.7 Invocations


You had 6 spell levels left.
You didn't know any spells.
Your spell library was empty.

Dungeon Overview and Level Annotations

Branches:
Dungeon (4/15)              Sewer (visited)
 Temple: D:4-7

Altars:

Annotations:
D:3 Sigmund
D:4 Crazy Yiuf


Message History

No reachable target in view!
No reachable target in view!
No reachable target in view!
You open the door. You closely miss Crazy Yiuf.
Crazy Yiuf hits you but does no damage.
You are slowing down.
You hit Crazy Yiuf but do no damage.
Crazy Yiuf hits you with a +4 quarterstaff of chaos!
Crazy Yiuf says, "You!
Ten agre down."
Crazy Yiuf hits you with a +4 quarterstaff of chaos.
You easily resist.
You have turned to stone.
Crazy Yiuf hits you with a +4 quarterstaff of chaos!
You feel your power leaking away.
Crazy Yiuf hits you with a +4 quarterstaff of chaos.
Crazy Yiuf burns you.
Crazy Yiuf screams, "Fluff alas arm!"
Crazy Yiuf hits you with a +4 quarterstaff of chaos!
Crazy Yiuf burns you.
Crazy Yiuf hits you with a +4 quarterstaff of chaos!
Crazy Yiuf burns you.
Crazy Yiuf cries, "You leg down broken song, no?"
Crazy Yiuf hits you with a +4 quarterstaff of chaos!
Crazy Yiuf burns you.
Crazy Yiuf hits you with a +4 quarterstaff of chaos!
Crazy Yiuf burns you.
Crazy Yiuf hits you with a +4 quarterstaff of chaos.
* * * LOW HITPOINT WARNING * * *
Crazy Yiuf hits you with a +4 quarterstaff of chaos.
* * * LOW HITPOINT WARNING * * *
Crazy Yiuf burns you.
* * * LOW HITPOINT WARNING * * *
Crazy Yiuf hits you with a +4 quarterstaff of chaos!
* * * LOW HITPOINT WARNING * * *
You turn to flesh and can move again.
Okay, then.
You barely miss Crazy Yiuf.
Crazy Yiuf hits you with a +4 quarterstaff of chaos!
* * * LOW HITPOINT WARNING * * *
You are electrocuted!!
You die...

# #.######....# ## #.# #....# .#
###.# ♣....♣ .# #...# ♣)..♣♣ .#
##...#### ♣♣)♣♣ .# #.......# ♣)♣♣
.# #.......# ♣♣)♣ .###.......#
♣)♣♣ ###### ...........# ♣♣@♣
#....####### .##.#.###### #g#
####.#...... ..#.#.# )))
#.#.##### #.#.#.###### #)))#
#.#.# #.#.#....#.# #).)#
#.#.##### ..#.####.#.# #####
#.#...... #.#.#......# #...####.
....#.##.#.############.#......#.
.............>..........#.#.#..#.


You could see Crazy Yiuf.

Vanquished Creatures
  An ogre (D:4)
  The ghost of mandoloar the Insei, an amateur OpTm (D:4)
  A bullfrog (D:4)
  A howler monkey (D:4)
  3 jellies (D:3)
  2 orc wizards (D:4)
  A hell rat (Sewer)
  9 adders
  5 gnolls
  4 river rats
  A worm (D:4)
  2 dart slugs
  8 orcs
  5 ball pythons
  12 endoplasms
  3 giant cockroaches
  6 goblins
  11 hobgoblins
  3 jackals (D:1)
  3 quokkas
  A bat (D:1)
  2 frilled lizards
  10 kobolds
  17 rats
112 creatures vanquished.

Vanquished Creatures (others)
  An orc priest (D:4)
  An adder (D:4)
  4 fungi (D:3)
  2 plants (D:1)
  8 toadstools (D:3)
16 creatures vanquished.

Grand Total: 128 creatures vanquished

Notes
Turn   | Place    | Note
-------+----------+-------------------------------------------
     0 | D:1      | qeuew the Hill Orc Fighter began the quest for the Orb.
     0 | D:1      | Reached XP level 1. HP: 19/19 MP: 1/1
   102 | D:1      | You fall into a shaft and drop 1 floor!
   141 | D:2      | Reached skill level 3 in Axes
   141 | D:2      | Reached XP level 2. HP: 27/27 MP: 2/2
   238 | D:2      | Reached XP level 3. HP: 31/33 MP: 3/3
   947 | D:1      | Reached XP level 4. HP: 40/40 MP: 4/4
  1628 | D:2      | Reached skill level 1 in Dodging
  1742 | D:2      | Reached skill level 4 in Axes
  1894 | D:2      | Reached XP level 5. HP: 46/46 MP: 5/5
  2273 | D:3      | Noticed Sigmund
  2893 | D:3      | Reached XP level 6. HP: 40/53 MP: 6/6
  2894 | D:3      | Reached skill level 5 in Axes
  3126 | D:4      | Reached skill level 5 in Armour
  3144 | D:4      | Found a runed translucent door.
  3152 | D:4      | Noticed mandoloar's ghost (amateur OpTm)
  3161 | D:4      | Reached XP level 7. HP: 53/60 MP: 7/7
  3184 | D:4      | Killed mandoloar's ghost
  3185 | D:4      | Reached skill level 6 in Axes
  3392 | D:4      | Became a worshipper of Beogh the Brigand
  3415 | D:4      | Reached skill level 5 in Fighting
  3422 | D:4      | Found a glowing drain.
  3433 | Sewer    | Entered a sewer
  4137 | D:4      | Found a runed translucent door.
  4138 | D:4      | Noticed Crazy Yiuf
  4153 | D:4      | HP: 3/61 [Crazy Yiuf/+4 quarterstaff of chaos (7)]
  4153 | D:4      | Demolished by Crazy Yiuf

Illustrated notes

Levels and vault maps discovered:
D:1:      minmay_arrival_plants_in_alcoves, layout_loops_corners, serial_forest,
          infiniplex_forest_lined_3, infiniplex_forest_zigzag_1,
          infiniplex_forest_clump_curved, infiniplex_forest_3_way,
          infiniplex_forest_lined_room_2, infiniplex_forest_zigzag_1,
          grunt_decor_clamped
D:2:      layout_loops_corners, guppyfry_early_orc_mine
D:3:      cheibrodos_fertilizer, layout_basic, minmay_crystal_room,
          item_on_display_a, uniq_sigmund
D:4:      layout_basic, ebering_ghost_sewer_d, portal_sewer_entry_e,
          minmay_statues_item, uniq_crazy_yiuf_cottage

Skill      XL: |  1  2  3  4  5  6  7 |
---------------+----------------------+-----
Axes           | 3 4 5 6 |  6.3
Fighting       | 4 5 |  5.0
Armour         | 4 5 |  5.7
Dodging        | 1 2 |  2.2
Shields        | 4 |  4.6
Invocations    | |  0.7

Action                     |  1- 3 |  4- 6 |  7- 9 || total
---------------------------+-------+-------+-------++-------
  Melee: War axe           |   107 |   137 |   110 ||   354
 Invoke: Convert to Beogh  |       |       |     1 ||     1
    Use: Scroll            |       |     5 |       ||     5
         Potion            |       |     7 |       ||     7
 Armour: Scale mail        |    58 |    55 |    61 ||   174
  Dodge: Dodged            |    50 |    56 |    53 ||   159
  Block: Buckler           |    18 |    32 |    17 ||    67

Table legend: (Time is in decaauts)
 A = Elapsed time spent in this place.
 B = Non-inter-level travel time spent in this place.
 C = Inter-level travel time spent in this place.
 D = Time resting spent in this place.
 E = Time spent auto-exploring this place.
 F = Levels seen in this place.
 G = Mean time per level.
                   A        B        C        D        E       F      G
               +--------+--------+--------+--------+--------+-----+--------+
         Total |   4278 |   4205 |     73 |      0 |   3323 |   5 |  855.6 |
       Dungeon |   3865 |   3792 |     73 |      0 |   2999 |   4 |  966.2 |
         Sewer |    413 |    413 |      0 |      0 |    324 |   1 |  413.0 |
               +--------+--------+--------+--------+--------+-----+--------+

Top non-repeatable levels by time:
     D:1: 1196 daAuts
     D:2: 1014 daAuts
     D:3: 882 daAuts
     D:4: 772 daAuts
   Sewer: 413 daAuts
